 Dungeon Crawl Stone Soup version 0.31-a0-164-g2312942fda (webtiles) character file.

Game seed: 10977674314050485092

3 olmar the Thrower (level 1, 0/13 HPs)
             Began as a Gnoll Wanderer on June 13, 2023.
             Frozen to death by an endoplasm (4 damage)
             ... on level 1 of the Dungeon.
             The game lasted 00:00:42 (298 turns).

olmar the Thrower (Gnoll Wanderer)                   Turns: 298, Time: 00:00:42

Health: 0/13       AC:  5    Str: 10    XL:     1   Next: 50%
Magic:  1/1        EV: 14    Int: 10    God:
Gold:   55         SH:  0    Dex: 13    Spells: 0/0 levels left

rFire   . . .        a - +0 dagger
rCold   . . .        (no shield)
rNeg    . . .        d - +2 leather armour
rPois   .            (no helmet)
rElec   .            (no cloak)
rCorr   .            (no gloves)
SInv    .            (no boots)
Will    .....        (no amulet)
Stlth   +            (no ring)
HPRegen 0.22/turn    (no ring)
MPRegen 0.07/turn

%: no passive effects
@: no status effects
A: fangs 1, strong nose, distributed training
a: no special abilities


You were on level 1 of the Dungeon.
You visited 1 branch of the dungeon, and saw 1 of its levels.

You collected 55 gold pieces.

Inventory:

Hand Weapons
 a - a +0 dagger (weapon)
Missiles
 c - 13 poisoned darts (quivered)
Armour
 d - a +2 leather armour (worn)
Scrolls
 b - a scroll of teleportation
 g - a scroll of immolation {unknown}
Potions
 e - a potion of curing
 f - 2 potions of degeneration {unknown}


   Skills:
 + Level 0.0 Fighting
 + Level 0.0 Short Blades
 + Level 0.0 Long Blades
 + Level 0.0 Axes
 + Level 0.0 Maces & Flails
 + Level 0.0 Polearms
 + Level 0.0 Staves
 + Level 0.0 Ranged Weapons
 + Level 8.4 Throwing
 + Level 4.4 Armour
 + Level 6.4 Dodging
 + Level 0.0 Stealth
 + Level 0.0 Shields
 + Level 2.3 Unarmed Combat
 + Level 0.0 Spellcasting
 + Level 0.0 Conjurations
 + Level 0.0 Hexes
 + Level 0.0 Summonings
 + Level 0.0 Necromancy
 + Level 0.0 Translocations
 + Level 0.0 Transmutations
 + Level 0.0 Fire Magic
 + Level 0.0 Ice Magic
 + Level 0.0 Air Magic
 + Level 0.0 Earth Magic
 + Level 0.0 Poison Magic
 + Level 0.1 Invocations
 + Level 0.0 Evocations


You couldn't memorise any spells.
You didn't know any spells.
Your spell library was empty.

Dungeon Overview and Level Annotations

Branches:
Dungeon (1/15)

Altars:


Innate Abilities, Weirdness & Mutations

You have very sharp teeth.
Your uncanny sense of smell can sniff out nearby items.
Your experience applies equally to all skills.


Message History

You hit the rat but do no damage. The rat bites you but does no damage.
A rat is nearby!
You hit the rat.
The rat is heavily wounded.
The rat closely misses you.
A rat is nearby!
You barely miss the rat.
The rat is heavily wounded.
The rat misses you.
A rat is nearby!
You hit the rat.
You kill the rat!
You see here 4 stones.
An endoplasm comes into view.
The endoplasm quivers.
An endoplasm is nearby!
The endoplasm jiggles.
You see here 12 gold pieces.
An endoplasm is nearby!
The endoplasm freezes you.
You are frozen.
An endoplasm is nearby!
You barely miss the endoplasm. You bite the endoplasm.
The endoplasm is lightly wounded.
The endoplasm hits you.
An endoplasm is nearby!
You hit the endoplasm.
The endoplasm is severely wounded.
The endoplasm freezes you.
You are frozen.
An endoplasm is nearby!
An endoplasm is nearby!
You are too injured to fight recklessly!
An endoplasm is nearby!
You are too injured to fight recklessly!
You completely miss the endoplasm. Your bite misses the endoplasm.
The endoplasm is severely wounded.
The endoplasm freezes you.
You are frozen.
You die...

.. #.......# ##.#...# ##
#.......# #######
#.......# #.....
#.......# ###.####
#.....(.## #.......
#........# ####....... ∆
#.?...$..# ...........
###......#.............
#...@................
.......#J.....[.........
.#.#.## .##...........†.
###. ∆.. .......#####.
## ... ...## #. .### #.
.. ∆ .. .. .# .##


You could see an endoplasm.

Vanquished Creatures
  An endoplasm (D:1)
  2 bats (D:1)
  A rat (D:1)
4 creatures vanquished.

Notes
Turn   | Place    | Note
-------+----------+-------------------------------------------
     0 | D:1      | olmar the Gnoll Wanderer began the quest for the Orb.
     0 | D:1      | olmar set off with the following items: a +0 dagger, a
                  | scroll of teleportation, 13 poisoned darts, a +2 leather
                  | armour, a potion of curing.
     0 | D:1      | Reached XP level 1. HP: 13/13 MP: 1/1
   298 | D:1      | Frozen to death by an endoplasm

Illustrated notes

Levels and vault maps discovered:
D:1:      dpeg_arrival_three_same_balls, layout_basic, minmay_surrounded

Action                     || total
---------------------------++-------
  Melee: Dagger            ||    32
         Bite              ||     4
         Punch             ||     1
 Armour: Leather armour    ||    12
  Dodge: Dodged            ||    27

Table legend: (Time is in decaauts)
 A = Elapsed time spent in this place.
 B = Non-inter-level travel time spent in this place.
 C = Inter-level travel time spent in this place.
 D = Time resting spent in this place.
 E = Time spent auto-exploring this place.
 F = Levels seen in this place.
 G = Mean time per level.
                   A        B        C        D        E       F      G
               +--------+--------+--------+--------+--------+-----+--------+
         Total |    298 |    298 |      0 |      0 |    233 |   1 |  298.0 |
       Dungeon |    298 |    298 |      0 |      0 |    233 |   1 |  298.0 |
               +--------+--------+--------+--------+--------+-----+--------+

Top non-repeatable levels by time:
     D:1: 298 daAuts
